 Dungeon Crawl Stone Soup version 0.21-a0-38-g95c5c02 (webtiles) character file.

244 KristoblXynda the Chopper (level 5, 0/45 HPs)
             Began as a Draconian Berserker on May 29, 2017.
             Was a Believer of Trog.
             Slain by Natasha (9 damage)
             ... on level 3 of the Dungeon.
             The game lasted 00:04:34 (2385 turns).

KristoblXynda the Chopper (Draconian Berserker)     Turns: 2385, Time: 00:04:35

Health: 0/45       AC:  5    Str: 19    XL:     5   Next: 83%
Magic:  5/5        EV: 13    Int:  8    God:    Trog [**....]
Gold:   126        SH:  0    Dex: 11    Spells: 4/4 levels left

rFire    . . .     SeeInvis .   a - +0 hand axe
rCold    . . .     Gourm    +   (no shield)
rNeg     . . .     Faith    .   (armour unavailable)
rPois    .         Spirit   .   (helmet restricted)
rElec    .         Reflect  .   (no cloak)
rCorr    .         Harm     .   (no gloves)
MR       .....                  (no boots)
Stlth    ++........             p - amulet of the gourmand
Regen    0.2/turn               (no ring)
MPRegen  0.1/turn               (no ring)

@: no status effects
A: unfitting armour, cold-blooded, AC +5
a: Berserk, Trog's Hand, Burn Spellbooks, Renounce Religion


You were on level 3 of the Dungeon.
You worshipped Trog.
Trog was pleased with you.
You were hungry.

You visited 1 branch of the dungeon, and saw 3 of its levels.

You collected 126 gold pieces.

Inventory:

Hand Weapons
 a - a +0 hand axe (weapon)
Missiles
 j - a throwing net (quivered)
Jewellery
 p - an amulet of the gourmand (around neck)
Scrolls
 f - 3 scrolls of amnesia {unknown}
 g - 7 scrolls of identify {unknown}
 h - a scroll of enchant armour {unknown}
 l - 3 scrolls of teleportation {unknown}
 n - a scroll of fog {unknown}
 q - a scroll of random uselessness {unknown}
 r - a scroll of recharging {unknown}
Potions
 d - a potion of agility {unknown}
 e - 3 potions of curing
 i - 4 potions of lignification {unknown}
 s - a potion of berserk rage {unknown}
Comestibles
 b - 8 bread rations
 c - 2 fruits
 k - 2 royal jellies
 m - 2 meat rations


   Skills:
 - Level 3.2 Fighting
 * Level 5.2 Axes
 + Level 3.7 Dodging
 + Level 2.4 Stealth


You had 4 spell levels left.
You didn't know any spells.

Dungeon Overview and Level Annotations

Branches:
Dungeon (3/15)

Altars:

Annotations:
D:3 Natasha


Innate Abilities, Weirdness & Mutations

Your plain brown scales are hard. (AC +5)
You cannot fit into any form of body armour.
You are cold-blooded and may be slowed by cold attacks.


Message History

Natasha claws you but does no damage.
You miss Natasha.
Natasha is lightly wounded.
Natasha claws you.
* * * LOW HITPOINT WARNING * * *
You hit Natasha.
Natasha is lightly wounded.
Natasha misses you.
You barely miss Natasha.
Your tail-slap misses Natasha.
Natasha is lightly wounded.
Natasha claws you.
* * * LOW HITPOINT WARNING * * *
Unknown command.
You hit Natasha but do no damage.
Natasha is lightly wounded.
The crimson imp blinks!
Natasha wildly gestures.
You feel disoriented. Natasha claws you!
You die...

##)##### ##
#....... #.
##.##### .. #.# #
#. #.# #.## # #.#
# #
..#.########.# #
#. #.#§#........#
#
#.##@h##.########
# #..)###.# #.##
# ###5# #.##
###.## # #.# #..#
#..#.### #.# ##.#
##.##.## #.# #.#
#...#)# #.# #>#
##..##. #.# #.#
##...†# #.####.#
##..#..#


You could see Natasha and a crimson imp.

Vanquished Creatures
  A bullfrog (D:3)
  Jessica (D:3)
  Ijyb (D:2)
  Robin (D:3)
  6 adders
  A dart slug (D:2)
  2 leopard geckos (D:3)
  A giant cockroach (D:2)
  20 goblins
  9 hobgoblins
  A quokka (D:2)
  A ball python (D:1)
  4 bats
  4 frilled lizards
  5 kobolds
  2 rats (D:2)
60 creatures vanquished.

Notes
Turn   | Place    | Note
-------+----------+-------------------------------------------
     0 | D:1      | KristoblXynda the Draconian Berserker began the quest for the Orb.
     0 | D:1      | Reached XP level 1. HP: 19/19 MP: 1/1
   209 | D:1      | Reached XP level 2. HP: 13/26 MP: 2/2
  1072 | D:2      | Reached XP level 3. HP: 27/31 MP: 3/3
  1086 | D:2      | Reached skill level 1 in Stealth
  1113 | D:2      | Noticed Ijyb
  1125 | D:2      | Reached ** piety under Trog
  1126 | D:2      | Killed Ijyb
  1126 | D:2      | Reached skill level 4 in Axes
  1126 | D:2      | Reached XP level 4. HP: 38/38 MP: 4/4
  1860 | D:3      | Noticed Robin
  1871 | D:3      | Killed Robin
  1871 | D:3      | Reached XP level 5. HP: 41/45 MP: 5/5
  2278 | D:3      | Noticed Jessica
  2301 | D:3      | Reached skill level 5 in Axes
  2302 | D:3      | Killed Jessica
  2373 | D:3      | Noticed Natasha
  2385 | D:3      | Slain by Natasha

Vault maps used:
D:1:      lemuel_arrival_hallway, minmay_misc_feat_columns
D:2:      kennysheep_the_goblin_king, first_bread
D:3:      wad_crossroads, uniq_robin, uniq_ijyb, uniq_jessica, uniq_natasha

Skill      XL: |  1  2  3  4  5 |
---------------+----------------+-----
Dodging        | 3 |  3.7
Stealth        | 1 2 |  2.4
Axes           | 4 5 |  5.2
Fighting       | |  3.2

Action                   |  1- 3 |  4- 6 || total
-------------------------+-------+-------++-------
Melee: Hand axe          |    81 |   114 ||   195
       Tailslap          |     6 |    11 ||    17
Invok: Berserk           |     2 |     2 ||     4
       Trog's Hand       |       |     1 ||     1
  Use: Potion            |     1 |       ||     1
 Stab: Sleeping          |       |     1 ||     1
  Eat: Chunk             |     1 |     8 ||     9
Armor: Skin              |    49 |    24 ||    73
Dodge: Dodged            |    98 |    76 ||   174
